 Dungeon Crawl Stone Soup version 0.16.1-18-g436b03c (webtiles) character file.

553 drasked the Chopper (level 7, 0/42 HPs)
             Began as a Gargoyle Berserker on Apr 28, 2015.
             Was an Elder of Trog.
             Killed from afar by Dowan (8 damage)
             ... with a puff of frost
             ... on level 4 of the Dungeon.
             The game lasted 00:04:27 (4507 turns).

drasked the Chopper (Gargoyle Berserker)            Turns: 4507, Time: 00:04:27

Health: 0/42       AC: 10    Str: 23    XL:     7   Next: 29%
Magic:  7/7        EV: 11    Int:  7    God:    Trog [****..]
Gold:   0          SH:  0    Dex:  9    Spells: 0 memorised, 6 levels left

rFire  . . .     SeeInvis .     Y - +0 hand axe
rCold  . . .     Clarity  .     h - +0 ring mail
rNeg   + . .     SustAb   .     (no shield)
rPois  ∞         Gourm    .     (no helmet)
rElec  +         Spirit   .     (no cloak)
rCorr  .         Warding  .     (no gloves)
rMut   .         Stasis   .     (no boots)
MR     .....                    (no amulet)
Stlth  ..........               (no ring)
                                (no ring)

@: confused, not resistant to hostile enchantments, extremely unstealthy
A: negative energy resistance 1, electricity resistance, unbreathing,
petrification resistance, rot immunity, AC +4
a: Burn Spellbooks, Berserk, Trog's Hand, Brothers in Arms, Renounce Religion


You were on level 4 of the Dungeon.
You worshipped Trog.
Trog was greatly pleased with you.
You were not hungry.

You visited 1 branch of the dungeon, and saw 4 of its levels.


Innate Abilities, Weirdness & Mutations

You are resistant to torment.
You are immune to poison.
Your stone body is very resilient (AC +4).
You resist negative energy.
You are resistant to electric shocks.
You can survive without breathing.
You are immune to petrification.
You are immune to rotting.


   Skills:
 - Level 3.9 Fighting
 + Level 7.2 Axes
 - Level 2.1 Armour
 - Level 1.5 Dodging


You had 6 spell levels left.
You didn't know any spells.

Inventory:

Hand weapons
 Y - a +0 hand axe (weapon)
Missiles
 r - a javelin (quivered)
Armour
 e - a +0 scale mail
 h - a +0 ring mail (worn)
 o - a +0 chain mail
Jewellery
 c - an uncursed ring of protection from fire {unknown}
 f - an uncursed ring of protection from fire {unknown}
 m - a cursed ring of stealth {unknown}
Scrolls
 a - a scroll of recharging
 j - a scroll of identify
 n - a scroll of remove curse
Potions
 b - a potion of curing {unknown}
 d - a potion of restore abilities {unknown}
 g - a potion of cure mutation {unknown}
 i - a potion of agility {unknown}
 k - a potion of might
 l - a potion of heal wounds {unknown}
Comestibles
 p - a bread ration
 q - 2 chunks of flesh

Dungeon Overview and Level Annotations

Branches:
Dungeon (4/15)
 Temple: D:4-7

Altars:
Nemelex Xobeh
Okawaru
The Shining One

Annotations:
D:4 Dowan, Duvessa


Message History

The puff of flame hits you!
You barely miss Duvessa.
Duvessa is moderately wounded.
Duvessa hits you but does no damage.
Dowan zaps a wand.
Your will is overpowered!
You are more confused.
You're too confused to move!
Duvessa hits you but does no damage. Duvessa completely misses you.
Dowan casts a spell at you. The puff of frost hits you!
You hit Duvessa but do no damage.
Duvessa is moderately wounded.
Duvessa barely misses you.
Dowan zaps a wand.
You resist with some effort.
You hit Duvessa but do no damage.
Duvessa is moderately wounded.
Duvessa hits you with a rapier. Dowan hits you but does no damage.
Duvessa hits you but does no damage. Dowan gestures at you while chanting.
The puff of frost hits you!
You die...

..................
####.##..#######.#
#.###.## #.# #.# #..# #.#
####.####.######.###
...#...............
##.#.####.######.###
##.#..........$....#
..............ee@#.#
####.#####)).....#e.. #
#.#.....)###..#..... ##
#......# #..#....... )##
###....# #..#...?.. ..###
#....# #..#.#.## ######
....# #..).###..#...#
#..... ...##
#.....##..###########.....
....##
#<....##..................


You could see Duvessa and Dowan.

Vanquished Creatures
  Edmund (D:4)
  An ogre (D:4)
  A scorpion (D:4)
  An orc priest (D:4)
  An iguana (D:4)
  An orc wizard (D:4)
  3 gnolls (D:3)
  7 adders
  5 worms
  An adder skeleton (D:4)
  2 oozes (D:1)
  6 orcs (D:4)
  A ball python (D:4)
  8 bats
  8 goblins
  11 hobgoblins
  8 jackals (D:1)
  4 quokkas
  8 giant cockroaches
  5 giant geckos
  3 giant newts
  9 kobolds
  4 rats
99 creatures vanquished.

Notes
Turn   | Place    | Note
--------------------------------------------------------------
     0 | D:1      | drasked, the Gargoyle Berserker, began the quest for the Orb.
     0 | D:1      | Reached XP level 1. HP: 14/14 MP: 1/1
     0 | D:1      | 0 ||| counter = 12
    56 | D:1      | Reached skill level 3 in Axes
   109 | D:1      | Reached XP level 2. HP: 19/19 MP: 2/2
   586 | D:1      | Acquired Trog's second power
   760 | D:1      | Reached XP level 3. HP: 13/23 MP: 3/3
   956 | D:1      | 956 ||| UPGRADING to leather armour.
   966 | D:1      | 966 ||| DROPPING +0 animal skin.
   967 | D:1      | 967 ||| UPGRADING to ring mail.
   977 | D:1      | 977 ||| DROPPING +0 leather armour.
   978 | D:1      | 978 ||| READING scroll labeled GEKUTW YPHIY.
   979 | D:1      | 979 ||| READING scroll labeled YMMAM TREEDGHIMO.
   980 | D:1      | 980 ||| READING scroll labeled QOOM ROYPS.
   981 | D:1      | 981 ||| READING scroll labeled AMOJYOPTIZUL.
  1050 | D:2      | 1050 ||| INVOKING Berserk.
  1067 | D:2      | 1067 ||| EATING bread ration.
  1439 | D:2      | Reached skill level 4 in Axes
  1687 | D:2      | Reached XP level 4. HP: 28/28 MP: 4/4
  2211 | D:2      | 2211 ||| READING scroll labeled KIMYPU LADOR.
  2212 | D:2      | 2212 ||| READING scroll labeled MUXZIR KLITAIT.
  2213 | D:2      | 2213 ||| READING scroll labeled XICKIFR SMYLI.
  2222 | D:2      | 2222 ||| EATING slice of pizza.
  2251 | D:3      | 2251 ||| STAIRDANCE
  2263 | D:3      | 2263 ||| STAIRDANCE
  2268 | D:3      | 2268 ||| STAIRDANCE
  2395 | D:3      | 2395 ||| INVOKING Berserk.
  2517 | D:3      | 2517 ||| EATING meat ration.
  2640 | D:3      | Reached skill level 5 in Axes
  2640 | D:3      | Reached XP level 5. HP: 32/32 MP: 5/5
  2642 | D:3      | Found an iron altar of Okawaru.
  2762 | D:3      | 2762 ||| INVOKING Berserk.
  3442 | D:3      | 3442 ||| DRINKING 2 viscous black potions.
  3548 | D:4      | Noticed Edmund
  3554 | D:4      | 3554 ||| INVOKING Berserk.
  3570 | D:4      | Killed Edmund
  3570 | D:4      | Reached skill level 6 in Axes
  3570 | D:4      | Reached XP level 6. HP: 23/37 MP: 6/6
  3644 | D:4      | 3644 ||| EATING meat ration.
  3749 | D:4      | Noticed an ogre
  3755 | D:4      | 3755 ||| INVOKING Berserk.
  3756 | D:4      | Killed an ogre
  3851 | D:4      | Found a sparkling altar of Nemelex Xobeh.
  3952 | D:4      | Acquired Trog's third power
  3952 | D:4      | Reached XP level 7. HP: 36/41 MP: 7/7
  3971 | D:4      | 3971 ||| INVOKING Berserk.
  3974 | D:4      | Reached skill level 7 in Axes
  4298 | D:4      | 4298 ||| INVOKING Berserk.
  4372 | D:4      | Found a glowing golden altar of the Shining One.
  4478 | D:4      | Noticed Duvessa
  4478 | D:4      | Noticed Dowan
  4501 | D:4      | HP: 8/42 [Dowan/puff of flame (6)]
  4506 | D:4      | HP: 8/42 [Duvessa/rapier (1)]
  4507 | D:4      | Killed from afar by Dowan

Vault maps used:
D:1:      lightli_arrival_boilingwater, solitary_fountain
D:3:      minmay_door_path, okawaru_trees_2, interstate_on_off
D:4:      nicolae_tso_carved_into_rock, lemuel_round_altar, uniq_edmund,
          uniq_duvessa

Action                   |  1- 3 |  4- 6 |  7- 9 || total
-------------------------+-------+-------+-------++-------
Melee: Hand axe          |   146 |   203 |    83 ||   432
Throw: Javelin           |       |    13 |     2 ||    15
Invok: Berserk           |     1 |     4 |     2 ||     7
  Use: Scroll            |     4 |     3 |       ||     7
       Potion            |       |     1 |       ||     1
  Eat: Bread ration      |     1 |       |       ||     1
       Meat ration       |       |     2 |       ||     2
       Pizza             |       |     1 |       ||     1
       Chunk             |       |     1 |     2 ||     3
